 Dungeon Crawl Stone Soup version 0.17-a0-1685-g57e755e (webtiles) character file.

496521 magipi the Sensei (level 23, 79/219 HPs)
             Began as a Minotaur Monk on Aug 19, 2015.
             Was the Champion of Jiyva.
             Starved to death
             ... while paralysed
             ... on level 5 of the Realm of Zot on Aug 20, 2015.
             The game lasted 07:13:43 (71332 turns).

magipi the Sensei (Minotaur Monk)                  Turns: 71332, Time: 07:13:43

Health: 79/219     AC: 26    Str: 12    XL:     23   Next: 68%
Magic:  29/29      EV:  2    Int: 15    God:    Jiyva [******]
Gold:   285        SH:  0    Dex: 21    Spells: 6 memorised, 14 levels left

rFire  + . .     SeeInvis +       - Unarmed
rCold  + . .     Clarity  +     g - quicksilver dragon armour
rNeg   . . .     SustAt   .     (no shield)
rPois  .         Gourm    .     N - +2 hat
rElec  +         Spirit   .     M - +2 cloak of the Thief {+Fog Slay-2 SInv Stlth+}
rCorr  +         Warding  .     W - +1 pair of gloves
rMut   .         Stasis   .     K - +1 pair of boots
MR     ++...                    X - amulet of regeneration
Stlth  +++.......               e - ring of Pyromania {Ice rElec}
                                C - ring of Nudiurch {rF+ Dex+4}

@: paralysed, starving, very resistant to hostile enchantments, fairly stealthy
A: retaliatory headbutt, beak, hooves 1, horns 2, rugged brown scales 1, thin
metallic scales 1, see invisible, clarity, clumsy 1, deformed body, fire
resistance 1, mutation resistance 2, slow healing 1, eyeballs 2, translucent
skin 1, jelly sensing items
a: Request Jelly, Jelly Paralyse, Slimify, Cure Bad Mutation, Renounce Religion,
Evoke Fog
}: 3/15 runes: serpentine, barnacled, slimy


You were on level 5 of the Realm of Zot.
You worshipped Jiyva.
Jiyva was exalted by your worship.
You were starving.

You visited 10 branches of the dungeon, and saw 56 of its levels.
You also visited: Sewer.

You collected 4731 gold pieces.
You spent 4446 gold pieces at shops.

Notes
Turn   | Place    | Note
--------------------------------------------------------------
     0 | D:1      | magipi the Minotaur Monk began the quest for the Orb.
     0 | D:1      | Reached XP level 1. HP: 19/19 MP: 0/0
   386 | D:1      | Reached XP level 2. HP: 26/26 MP: 1/1
   404 | D:1      | Reached skill level 5 in Unarmed Combat
   846 | D:1      | Reached XP level 3. HP: 29/31 MP: 2/2
  1526 | D:2      | Reached skill level 6 in Unarmed Combat
  1701 | D:2      | Reached XP level 4. HP: 37/39 MP: 3/3
  1889 | D:2      | Found a sparkling altar of Nemelex Xobeh.
  2015 | D:2      | Found a faded altar to an unknown god.
  2572 | D:3      | Reached skill level 7 in Unarmed Combat
  2572 | D:3      | Reached XP level 5. HP: 45/45 MP: 4/4
  3017 | D:4      | Reached skill level 8 in Unarmed Combat
  3017 | D:4      | Reached XP level 6. HP: 31/51 MP: 5/5
  3450 | D:4      | Found a blossoming altar of Fedhas.
  3453 | D:4      | Became a worshipper of Fedhas Madash
  3453 | D:4      | Acquired Fedhas's first power
  3453 | D:4      | Acquired Fedhas's second power
  3505 | D:3      | Noticed abixa's ghost (average GrFi)
  3537 | D:3      | Found a deep blue altar of Sif Muna.
  3570 | D:4      | Found an opulent altar of Gozag.
  3572 | D:4      | Found a white marble altar of Elyvilon.
  3645 | D:4      | Noticed Blork the orc
  3704 | D:4      | Killed Blork the orc
  3895 | D:4      | Found a glowing silver altar of Zin.
  3896 | D:4      | Noticed an angel
  4203 | D:5      | Entered Level 5 of the Dungeon
  4234 | D:5      | Reached skill level 9 in Unarmed Combat
  4246 | D:5      | Noticed Sigmund
  4313 | D:5      | Found a glowing drain.
  4317 | Sewer    | Entered a sewer
  4412 | Sewer    | Reached XP level 7. HP: 51/57 MP: 6/6
  4648 | Sewer    | Reached skill level 10 in Unarmed Combat
  5033 | D:6      | Reached skill level 5 in Dodging
  5173 | D:6      | Reached XP level 8. HP: 50/64 MP: 7/7
  6116 | D:5      | Found a staircase to the Ecumenical Temple.
  6163 | Temple   | Entered the Ecumenical Temple
  6415 | D:5      | Killed Sigmund
  6745 | D:7      | Reached XP level 9. HP: 60/70 MP: 8/8
  6783 | D:7      | Reached skill level 10 in Dodging
  7282 | D:7      | Noticed braks's ghost (experienced GrEE)
  7386 | D:7      | Acquired Fedhas's third power
  7920 | D:7      | Reached skill level 11 in Dodging
  8048 | D:8      | Found a shadowy altar of Dithmenos.
  8133 | D:8      | Found a shimmering altar of Xom.
  8134 | D:8      | Found a shimmering altar of Xom.
  8134 | D:8      | Found a shimmering altar of Xom.
  8260 | D:8      | Noticed a cyclops
  8295 | D:8      | Killed a cyclops
  8503 | D:8      | Reached skill level 12 in Dodging
  8583 | D:8      | Noticed a white ugly thing
  9603 | D:8      | Reached skill level 5 in Fighting
  9826 | D:8      | Found a bloodstained altar of Trog.
  9828 | D:8      | Found a sacrificial altar of Ru.
  9905 | D:9      | Reached XP level 10. HP: 79/81 MP: 9/9
 10730 | D:9      | Reached skill level 10 in Fighting
 10861 | D:9      | Acquired Fedhas's fourth power
 11339 | D:10     | Entered Level 10 of the Dungeon
 11426 | D:10     | Found a staircase to the Lair.
 11493 | D:10     | Noticed an elephant
 11507 | D:10     | Killed an elephant
 11554 | D:10     | Reached XP level 11. HP: 56/104 MP: 10/10
 11637 | D:10     | Acquired Fedhas's fifth power
 11652 | D:10     | Identified Lehudib's Papyrus of Torrid Battle Magic
 11740 | D:10     | Found a staircase to the Orcish Mines.
 12475 | D:11     | Found a sparkling altar of Nemelex Xobeh.
 13692 | Lair:1   | Entered Level 1 of the Lair of Beasts
 13721 | Lair:1   | Noticed a spriggan rider
 13726 | Lair:1   | Reached skill level 1 in Throwing
 13743 | Lair:1   | Killed a wasp
 13745 | Lair:1   | Killed a spriggan
 15557 | Lair:2   | Reached skill level 5 in Throwing
 15687 | Lair:2   | Reached skill level 13 in Unarmed Combat
 15882 | Lair:2   | Reached XP level 12. HP: 109/112 MP: 11/11
 16805 | Lair:3   | Reached skill level 1 in Evocations
 16820 | Lair:3   | Noticed a four-headed hydra
 16837 | Lair:3   | Noticed a six-headed hydra
 17043 | Lair:3   | Killed a four-headed hydra
 17361 | Lair:3   | Killed a six-headed hydra
 17856 | Lair:4   | Noticed a six-headed hydra
 17861 | Lair:4   | Killed a six-headed hydra
 17861 | Lair:4   | Reached skill level 14 in Unarmed Combat
 18212 | Lair:4   | Found a staircase to the Snake Pit.
 18312 | Lair:4   | Found a staircase to the Shoals.
 18505 | Lair:4   | Reached skill level 5 in Evocations
 19282 | Lair:4   | Learned a level 1 spell: Apportation
 19350 | Lair:4   | Reached skill level 1 in Armour
 19551 | Lair:4   | Reached XP level 13. HP: 102/118 MP: 15/17
 19862 | Lair:5   | Reached skill level 1 in Translocations
 20554 | Lair:5   | Reached skill level 5 in Armour
 20558 | Lair:5   | Learned a level 2 spell: Blink
 21391 | Lair:6   | Found a viscous altar of Jiyva.
 21391 | Lair:6   | Found a staircase to the Slime Pits.
 21400 | Lair:6   | Noticed Rupert
 21434 | Lair:6   | Killed Rupert
 21765 | Lair:6   | Reached skill level 5 in Translocations
 23905 | Lair:8   | Entered Level 8 of the Lair of Beasts
 24275 | Lair:8   | Found a shimmering altar of Xom.
 24425 | Lair:8   | Reached XP level 14. HP: 55/126 MP: 13/18
 24710 | Lair:8   | Found a runed door.
 24967 | Lair:8   | Reached skill level 15 in Unarmed Combat
 26785 | Lair:8   | Reached skill level 16 in Unarmed Combat
 27302 | Orc:1    | Entered Level 1 of the Orcish Mines
 27424 | Orc:1    | Found a roughly hewn altar of Beogh.
 27948 | Orc:2    | Found Koecohiq's Magic Scroll Emporium.
 27975 | Orc:2    | Bought a scroll of identify for 32 gold pieces
 27975 | Orc:2    | Bought a scroll of blinking for 120 gold pieces
 28116 | Orc:3    | Found a staircase to the Elven Halls.
 28838 | Orc:4    | Entered Level 4 of the Orcish Mines
 30849 | Orc:4    | Found Nuyd's Antique Armour Shop.
 30849 | Orc:4    | Found Wiyps's Gadget Shop.
 30893 | Orc:4    | Found Kosay's Food Shoppe.
 30974 | Orc:4    | Found Cuupn's Weapon Shoppe.
 30984 | Orc:4    | Bought a pair of embroidered boots for 130 gold pieces
 31297 | Lair:6   | Reached skill level 10 in Evocations
 31326 | Lair:6   | Fell from the grace of Fedhas
 31326 | Lair:6   | Became a worshipper of Jiyva Jiloer the Shapeless
 31623 | Orc:1    | Acquired Jiyva's first power
 31653 | Orc:1    | Acquired Jiyva's second power
 31758 | Orc:2    | Gained mutation: You are partially covered in rugged brown scales (AC +1, +3% HP). [Jiyva's grace]
 31771 | Orc:2    | Gained mutation: You are frail (-10% HP). [Jiyva's grace]
 31883 | Orc:3    | Acquired Jiyva's third power
 32242 | Orc:4    | Gained mutation: You are partially covered in iridescent scales (AC +4). [Jiyva's grace]
 32269 | Orc:4    | Acquired Jiyva's fourth power
 32362 | Orc:1    | Gained mutation: You are resistant to hostile enchantments. [Jiyva's grace]
 33298 | D:10     | Gained mutation: You have a small jelly attached to you that may absorb incoming projectiles. [Jiyva's grace]
 33475 | Slime:1  | Entered Level 1 of the Pits of Slime
 33475 | Slime:1  | Noticed an azure jelly
 33504 | Slime:1  | Noticed an acid blob
 33549 | Slime:4  | Noticed an azure jelly
 33584 | Slime:6  | Entered Level 6 of the Pits of Slime
 33589 | Slime:6  | Noticed Dissolution
 33589 | Slime:6  | Noticed an acid blob
 33594 | Slime:6  | Noticed an acid blob
 33598 | Slime:6  | Noticed the royal jelly
 33598 | Slime:6  | Noticed an azure jelly
 33599 | Slime:6  | Gained mutation: You have acidic saliva. [Jiyva's grace]
 33600 | Slime:6  | Noticed an acid blob
 33603 | Slime:6  | Found a viscous altar of Jiyva.
 33604 | Slime:6  | Gained mutation: You are covered in slimy tendrils that may disarm your opponents. [Jiyva's grace]
 33609 | Slime:6  | Noticed an acid blob
 33612 | Slime:6  | Lost mutation: You are resistant to hostile enchantments. [Jiyva's grace]
 33615 | Slime:6  | Noticed an acid blob
 33616 | Slime:6  | Gained mutation: Your skin is partially translucent (Stealth, -foe acc). [Jiyva's grace]
 33618 | Slime:6  | Noticed an acid blob
 33622 | Slime:6  | Got an ancient ivory ring
 33624 | Slime:6  | Identified the ring of Pyromania {Ice rElec} (You found it on level 6 of the Pits of Slime)
 33629 | Slime:6  | Identified the Papyrus of the Excruciating Mountains
 33639 | Slime:6  | Got a slimy rune of Zot
 33656 | Slime:6  | Got a jewelled plate armour
 33667 | Slime:6  | Identified the +16 plate armour of Defiance {rElec rCorr Dex+2} (You found it on level 6 of the Pits of Slime)
 33680 | Slime:6  | Got a crude ring mail
 33691 | Slime:6  | Identified the +2 ring mail of Saxtebai {Dex+6} (You found it on level 6 of the Pits of Slime)
 33823 | Slime:3  | Noticed an azure jelly
 33868 | Slime:4  | Noticed an azure jelly
 33877 | Slime:3  | Noticed an acid blob
 33886 | Slime:3  | Noticed an acid blob
 33959 | Slime:4  | Noticed an azure jelly
 34254 | D:8      | Killed a white ugly thing
 34544 | D:3      | Gained mutation: You can spit weak poison. [Jiyva's grace]
 34558 | D:3      | Killed abixa's ghost
 34584 | D:3      | Identified Sif Muna's Guide on the Snowflakes
 34931 | D:2      | Noticed Crazy Yiuf
 34934 | D:2      | Killed Crazy Yiuf
 35126 | D:7      | Lost mutation: Your skin is partially translucent (Stealth, -foe acc). [Jiyva's grace]
 35137 | D:7      | Killed braks's ghost
 35573 | D:8      | Found a shimmering altar of Xom.
 35575 | D:8      | Found a shimmering altar of Xom.
 35577 | D:8      | Found a shimmering altar of Xom.
 35779 | D:8      | Noticed a two-headed hydra
 35785 | D:8      | Killed a two-headed hydra
 35785 | D:8      | Reached XP level 15. HP: 122/122 MP: 21/21
 36247 | D:12     | Gained mutation: You are resistant to hostile enchantments. [Jiyva's grace]
 36342 | D:12     | Noticed Maurice
 36346 | D:12     | Gained mutation: Your body sometimes deteriorates upon taking damage. [Jiyva's grace]
 36359 | D:12     | Killed Maurice
 36510 | D:12     | Found Jehoiwn's General Store.
 36522 | D:12     | Bought a cursed amulet of inaccuracy for 22 gold pieces
 36522 | D:12     | Bought a wand of digging (9) for 286 gold pieces
 36522 | D:12     | Bought a potion of ambrosia for 88 gold pieces
 36754 | D:13     | Gained mutation: You are agile. (Dex +2) [Jiyva's grace]
 36859 | D:13     | Reached skill level 17 in Unarmed Combat
 37032 | D:13     | Found an ancient bone altar of Kikubaaqudgha.
 37091 | D:13     | Lost mutation: You can spit weak poison. [Jiyva's grace]
 38315 | D:14     | Gained mutation: You have a beak for a mouth. [Jiyva's grace]
 38362 | D:14     | Gained mutation: Your rubbery body absorbs attacks (AC +1). [Jiyva's grace]
 38471 | D:14     | Gained mutation: You are mostly covered in rugged brown scales (AC +2, +5% HP). [Jiyva's grace]
 38694 | D:14     | Found a gate to the Vaults.
 38841 | D:15     | Entered Level 15 of the Dungeon
 38925 | D:15     | Noticed Urug
 38935 | D:15     | Killed Urug
 38959 | D:15     | Lost mutation: You have a small jelly attached to you that may absorb incoming projectiles. [Jiyva's grace]
 39080 | D:15     | Noticed Kirke
 39107 | D:15     | Killed Kirke
 39172 | D:15     | Lost mutation: You are resistant to hostile enchantments. [Jiyva's grace]
 39398 | D:15     | Noticed an acid blob
 39398 | D:15     | an emperor scorpion changed into an acid blob
 39401 | D:15     | Lost mutation: You are agile. (Dex +2) [Jiyva's grace]
 39444 | D:15     | Found a staircase to the Depths.
 39574 | D:15     | Reached skill level 10 in Armour
 39776 | Lair:1   | Lost mutation: Your body sometimes deteriorates upon taking damage. [Jiyva's grace]
 39886 | Shoals:1 | Entered Level 1 of the Shoals
 40156 | Shoals:1 | Gained mutation: You evolve. [Jiyva's grace]
 40199 | Shoals:1 | Gained mutation: Your flesh is heat resistant. [Jiyva's grace]
 40283 | Shoals:1 | Reached XP level 16. HP: 97/132 MP: 22/22
 40326 | Shoals:1 | Gained mutation: Your muscles are strong. (Str +2) [Jiyva's grace]
 40910 | Orc:4    | Gained mutation: Your muscles are very strong. (Str +4) [Jiyva's grace]
 40912 | Orc:4    | Bought a quicksilver dragon armour for 1740 gold pieces
 40930 | Orc:4    | Learned a level 4 spell: Passage of Golubria
 40961 | Orc:4    | Lost mutation: Your muscles are very strong. (Str +4) [Jiyva's grace]
 41283 | Shoals:1 | Lost mutation: You are frail (-10% HP). [Jiyva's grace]
 41805 | Shoals:2 | Gained mutation: Your flesh is cold resistant. [Jiyva's grace]
 41915 | Shoals:3 | Noticed Nikola
 41960 | Shoals:2 | Was placed under penance by Jiyva
 41963 | Shoals:2 | Killed Nikola
 41965 | Shoals:2 | Was forgiven by Jiyva
 42497 | Shoals:2 | Noticed Polyphemus
 42511 | Shoals:2 | Gained mutation: Your system is resistant to poisons. [Jiyva's grace]
 42528 | Shoals:2 | Slimified Polyphemus
 42528 | Shoals:2 | Noticed Polyphemus
 42528 | Shoals:2 | Polyphemus changed into Polyphemus the azure jelly
 42743 | Shoals:2 | Lost mutation: Your system is resistant to poisons. [Jiyva's grace]
 42859 | Shoals:3 | Gained mutation: Your flesh is very heat resistant. [Jiyva's grace]
 43132 | Shoals:3 | Gained mutation: You are covered in fur (AC +1). [Jiyva's grace]
 43153 | Shoals:4 | Entered Level 4 of the Shoals
 43336 | Shoals:4 | Reached skill level 18 in Unarmed Combat
 43432 | Shoals:4 | Lost mutation: Your rubbery body absorbs attacks (AC +1). [evolution]
 43466 | Shoals:4 | Lost mutation: You have acidic saliva. [Jiyva's grace]
 43477 | Shoals:4 | Identified the Disquisition on Lethal Air (You found it on level 4 of the Shoals)
 43561 | Shoals:4 | Got a barnacled rune of Zot
 43873 | Shoals:3 | Lost mutation: Your muscles are strong. (Str +2) [Jiyva's grace]
 43974 | Shoals:4 | Gained mutation: You passively map a small area around you. [Jiyva's grace]
 44057 | Shoals:2 | Lost mutation: You passively map a small area around you. [Jiyva's grace]
 44159 | Snake:1  | Entered Level 1 of the Snake Pit
 44300 | Snake:1  | Gained mutation: Your body is partially covered in golden eyeballs (Acc +3). [Jiyva's grace]
 44605 | Snake:1  | Gained mutation: You rapidly evolve. [Jiyva's grace]
 44651 | Snake:1  | Reached skill level 10 in Translocations
 44971 | Snake:1  | Reached XP level 17. HP: 149/153 MP: 23/23
 44978 | Snake:1  | Gained mutation: You tend to lose your temper in combat. [Jiyva's grace]
 45294 | Snake:1  | Got a faintly humming scale mail
 45309 | Snake:1  | Gained mutation: Your skin is partially translucent (Stealth, -foe acc). [Jiyva's grace]
 45315 | Snake:1  | Identified the +5 scale mail of Loam {rC+ Regen+} (You found it on level 1 of the Snake Pit)
 46141 | Snake:2  | Gained mutation: Your mind is acute. (Int +2) [potion of beneficial mutation]
 46175 | Snake:2  | Noticed braks's ghost (mighty HECj)
 46223 | Snake:2  | Killed braks's ghost
 46376 | Snake:2  | Reached skill level 19 in Unarmed Combat
 46426 | Snake:2  | Gained mutation: You have large cloven feet. [Jiyva's grace]
 46445 | Snake:2  | Found an iron altar of Okawaru.
 46666 | Snake:2  | Gained mutation: You have acidic saliva. [Jiyva's grace]
 46672 | Snake:2  | Was forgiven by Fedhas
 46777 | Snake:2  | Gained mutation: Your mind is very acute. (Int +4) [Jiyva's grace]
 46788 | Snake:2  | Noticed Norris
 46794 | Snake:2  | Slimified Norris
 46794 | Snake:2  | Noticed Norris
 46794 | Snake:2  | Norris changed into Norris the azure jelly
 47033 | Snake:2  | Found a glowing silver altar of Zin.
 47033 | Snake:2  | Lost mutation: You have large cloven feet. [Jiyva's grace]
 47507 | Snake:3  | Gained mutation: You can spit weak poison. [Jiyva's grace]
 47526 | Snake:3  | Gained mutation: You can spit poison. [evolution]
 47605 | Snake:3  | Killed Jorgrun
 47609 | Snake:3  | Gained mutation: You have large cloven feet. [Jiyva's grace]
 47810 | Snake:3  | Gained mutation: You are agile. (Dex +2) [Jiyva's grace]
 47842 | Snake:3  | Learned a level 3 spell: Portal Projectile
 48308 | Snake:3  | Noticed Aizul
 48441 | Snake:3  | Slimified Aizul
 48441 | Snake:3  | Noticed Aizul
 48441 | Snake:3  | Aizul changed into Aizul the acid blob
 48859 | Snake:4  | Entered Level 4 of the Snake Pit
 49200 | Snake:4  | Reached skill level 20 in Unarmed Combat
 49214 | Snake:4  | Lost mutation: Your body is partially covered in golden eyeballs (Acc +3). [Jiyva's grace]
 49239 | Snake:4  | Gained mutation: You possess an exceptional clarity of mind. [Jiyva's grace]
 49538 | Snake:4  | Noticed Saint Roka
 49589 | Snake:4  | Killed Saint Roka
 49686 | Snake:4  | Lost mutation: Your flesh is cold resistant. [Jiyva's grace]
 49769 | Snake:4  | Lost mutation: You can spit poison. [Jiyva's grace]
 49799 | Snake:4  | Reached skill level 15 in Dodging
 50061 | Snake:4  | Gained mutation: You have a small jelly attached to you that may absorb incoming projectiles. [Jiyva's grace]
 50300 | Snake:4  | Reached XP level 18. HP: 86/163 MP: 24/24
 50369 | Snake:4  | Gained mutation: You are very agile. (Dex +4) [Jiyva's grace]
 50932 | Snake:4  | Lost mutation: Your skin is partially translucent (Stealth, -foe acc). [Jiyva's grace]
 51213 | Snake:4  | Lost mutation: You are covered in slimy tendrils that may disarm your opponents. [Jiyva's grace]
 51294 | Snake:4  | Gained mutation: You are robust (+10% HP). [Jiyva's grace]
 51450 | Snake:4  | Gained mutation: You have hoof-like feet. [Jiyva's grace]
 52189 | Snake:4  | Lost mutation: You are very agile. (Dex +4) [Jiyva's grace]
 52231 | Snake:4  | Lost mutation: You can spit weak poison. [Jiyva's grace]
 52303 | Snake:4  | Got a serpentine rune of Zot
 52638 | D:11     | Lost mutation: You are agile. (Dex +2) [Jiyva's grace]
 52731 | Vaults:1 | Entered Level 1 of the Vaults
 52952 | Vaults:1 | Lost mutation: You are covered in fur (AC +1). [Jiyva's grace]
 53047 | Vaults:1 | Gained mutation: You are covered in fur (AC +1). [Jiyva's grace]
 53074 | Vaults:1 | Reached skill level 15 in Fighting
 53201 | Vaults:1 | Gained mutation: Your skin is partially translucent (Stealth, -foe acc). [Jiyva's grace]
 53259 | Vaults:1 | Learned a level 5 spell: Phase Shift
 53354 | Vaults:1 | Lost mutation: Your skin is partially translucent (Stealth, -foe acc). [Jiyva's grace]
 53461 | Vaults:1 | Gained mutation: You have a pair of large horns on your head. [evolution]
 53606 | Vaults:1 | Lost mutation: Your flesh is very heat resistant. [Jiyva's grace]
 53907 | Vaults:1 | Lost mutation: You have a pair of large horns on your head. [Jiyva's grace]
 53942 | Vaults:1 | Gained mutation: Your rubbery body absorbs attacks (AC +1). [Jiyva's grace]
 54146 | Vaults:1 | Reached XP level 19. HP: 120/200 MP: 25/25
 54380 | Vaults:2 | Noticed Asterion
 54555 | Vaults:2 | Lost mutation: You are robust (+10% HP). [Jiyva's grace]
 54846 | Vaults:2 | Killed Asterion
 54872 | Vaults:2 | Gained mutation: You have supernaturally acute eyesight. [Jiyva's grace]
 54898 | Vaults:2 | Lost mutation: Your flesh is heat resistant. [Jiyva's grace]
 55656 | Vaults:2 | Found a staircase to the Crypt.
 56211 | Vaults:2 | Lost mutation: You have a beak for a mouth. [Jiyva's grace]
 56211 | Vaults:2 | Gained mutation: You have very sharp teeth. [Jiyva's grace]
 56437 | Vaults:2 | Found Gijyan's Armour Emporium.
 56787 | Vaults:3 | Lost mutation: You possess an exceptional clarity of mind. [Jiyva's grace]
 56840 | Vaults:3 | Lost mutation: You have very sharp teeth. [Jiyva's grace]
 56918 | Vaults:3 | Lost mutation: You rapidly evolve. [Jiyva's grace]
 56918 | Vaults:3 | Lost mutation: You evolve. [Jiyva's grace]
 56918 | Vaults:3 | Gained mutation: You are somewhat resistant to further mutation. [Jiyva's grace]
 56923 | Vaults:3 | Lost mutation: You tend to lose your temper in combat. [Jiyva's grace]
 57063 | Vaults:3 | Found Nupsoseu's Jewellery Emporium.
 57137 | Vaults:3 | Lost mutation: You have hoof-like feet. [Jiyva's grace]
 57184 | Vaults:3 | Gained mutation: You can spit weak poison. [Jiyva's grace]
 57204 | Vaults:3 | Bought the ring of Nudiurch {rF+ Dex+4} for 565 gold pieces
 57232 | Vaults:3 | Lost mutation: You can spit weak poison. [Jiyva's grace]
 57387 | Vaults:3 | Lost mutation: You have supernaturally acute eyesight. [Jiyva's grace]
 57822 | Vaults:4 | Found Ileq's Antique Armour Shop.
 57855 | Vaults:4 | Reached XP level 20. HP: 200/200 MP: 26/26
 58016 | Vaults:4 | Reached skill level 15 in Armour
 58367 | Vaults:4 | Gained mutation: Your spells are a little harder to cast, but a little more powerful. [Jiyva's grace]
 58382 | Vaults:4 | Gained mutation: You are resistant to hostile enchantments. [Jiyva's grace]
 58566 | Vaults:4 | Lost mutation: You are covered in fur (AC +1). [Jiyva's grace]
 58614 | Vaults:4 | Lost mutation: Your mind is very acute. (Int +4) [Jiyva's grace]
 58722 | Vaults:4 | Gained mutation: Your skin is partially translucent (Stealth, -foe acc). [Jiyva's grace]
 58748 | Vaults:4 | Lost mutation: You are partially covered in iridescent scales (AC +4). [Jiyva's grace]
 58799 | Vaults:4 | Learned a level 1 spell: Summon Butterflies
 58948 | Vaults:4 | Reached skill level 1 in Summonings
 59094 | Vaults:4 | Gained mutation: You have a small jelly attached to you that senses nearby items. [Jiyva's grace]
 59108 | Vaults:4 | Gained mutation: Armour fits poorly on your pseudopods. [Jiyva's grace]
 59118 | Vaults:4 | Lost mutation: Your mind is acute. (Int +2) [Jiyva's grace]
 59413 | Vaults:3 | Lost mutation: You are resistant to hostile enchantments. [Jiyva's grace]
 59541 | Depths:1 | Entered Level 1 of the Depths
 59541 | Depths:1 | Found a gateway to Hell.
 59791 | Depths:1 | Found a shimmering altar of Xom.
 59834 | Depths:1 | Found a one-way gate leading to the halls of Pandemonium.
 60020 | Depths:1 | Lost mutation: Your spells are a little harder to cast, but a little more powerful. [Jiyva's grace]
 60152 | Depths:1 | Gained mutation: You are partially covered in icy blue scales (AC +1). [Jiyva's grace]
 60483 | Depths:1 | Gained mutation: Your muscles are strong. (Str +2) [Jiyva's grace]
 60514 | Depths:1 | Found Muumovel's Assorted Antiques.
 60518 | Depths:1 | Bought a shiny bronze wand for 136 gold pieces
 60525 | Depths:1 | Bought a scroll of enchant armour for 255 gold pieces
 61235 | Depths:2 | Lost mutation: You have large cloven feet. [Jiyva's grace]
 61281 | Depths:2 | Found a one-way gate to the infinite horrors of the Abyss.
 61335 | Depths:2 | Reached skill level 1 in Spellcasting
 61487 | Depths:2 | Gained mutation: You have sharp toenails. [Jiyva's grace]
 61558 | Depths:2 | Reached XP level 21. HP: 202/207 MP: 27/27
 61669 | Depths:2 | Noticed a caustic shrike
 61686 | Depths:2 | Lost mutation: You have acidic saliva. [Jiyva's grace]
 61700 | Depths:2 | Killed a caustic shrike
 61924 | Depths:2 | Got a shimmering blowgun
 61925 | Depths:2 | Identified the +6 blowgun of Fee Simple {speed, rF+ Str+4} (You found it on level 2 of the Depths)
 61931 | Depths:2 | Gained mutation: You have supernaturally acute eyesight. [Jiyva's grace]
 62222 | Depths:2 | Lost mutation: You have sharp toenails. [Jiyva's grace]
 62489 | Depths:3 | Noticed Xtahua
 62528 | Depths:3 | Gained mutation: You can breathe flames. [Jiyva's grace]
 62529 | Depths:3 | Slimified Xtahua
 62529 | Depths:3 | Noticed Xtahua
 62529 | Depths:3 | Xtahua changed into Xtahua the azure jelly
 62605 | Depths:2 | Gained mutation: You possess an exceptional clarity of mind. [Jiyva's grace]
 62669 | Depths:3 | Gained mutation: Your body is partially covered in golden eyeballs (Acc +3). [Jiyva's grace]
 62766 | Depths:3 | Lost mutation: You are mostly covered in rugged brown scales (AC +2, +5% HP). [Jiyva's grace]
 62793 | Depths:3 | Killed Xtahua the azure jelly
 62884 | Depths:3 | Found a gateway to a ziggurat.
 63252 | Depths:4 | Lost mutation: Your muscles are strong. (Str +2) [Jiyva's grace]
 63348 | Depths:4 | Found Lyptia's Armour Shoppe.
 63559 | Depths:4 | Gained mutation: Your body is mostly covered in golden eyeballs (Acc +5). [Jiyva's grace]
 64875 | Depths:5 | Entered Level 5 of the Depths
 65191 | Depths:4 | Reached XP level 22. HP: 165/211 MP: 28/28
 65208 | Depths:4 | Lost mutation: Armour fits poorly on your pseudopods. [Jiyva's grace]
 65269 | Depths:4 | Gained mutation: You are somewhat resistant to both further mutation and mutation removal. [Jiyva's grace]
 65361 | Depths:4 | Reached skill level 21 in Unarmed Combat
 65611 | Depths:5 | Lost mutation: You have a small jelly attached to you that may absorb incoming projectiles. [Jiyva's grace]
 65712 | Depths:5 | Lost mutation: Your rubbery body absorbs attacks (AC +1). [Jiyva's grace]
 65877 | Depths:5 | Lost mutation: Your skin is partially translucent (Stealth, -foe acc). [Jiyva's grace]
 66333 | Depths:5 | Found a gate to the Realm of Zot.
 66334 | Depths:5 | Gained mutation: You are agile. (Dex +2) [Jiyva's grace]
 66344 | Depths:5 | Gained mutation: You have a beak for a mouth. [Jiyva's grace]
 66356 | Depths:5 | Reached skill level 22 in Unarmed Combat
 66691 | Depths:5 | Gained mutation: Your skin is partially translucent (Stealth, -foe acc). [Jiyva's grace]
 67173 | Depths:4 | Gained mutation: Your flesh is heat resistant. [Jiyva's grace]
 67382 | Vaults:3 | Bought an uncursed ring of protection from fire for 350 gold pieces
 67382 | Vaults:3 | Bought the ring "Heven" {Fire rElec rPois Str+4} for 722 gold pieces
 67469 | Vaults:1 | Lost mutation: You are partially covered in icy blue scales (AC +1). [Jiyva's grace]
 67627 | Zot:1    | Entered Level 1 of the Realm of Zot
 67916 | Zot:1    | Gained mutation: You are partially covered in thin metallic scales (AC +2). [Jiyva's grace]
 68261 | Zot:2    | Lost mutation: You are agile. (Dex +2) [Jiyva's grace]
 68415 | Zot:2    | Reached skill level 23 in Unarmed Combat
 68782 | Zot:3    | Gained mutation: You have large cloven feet. [Jiyva's grace]
 69168 | Zot:5    | Entered Level 5 of the Realm of Zot
 69191 | Zot:5    | Reached XP level 23. HP: 201/219 MP: 29/29
 69524 | Zot:4    | Lost mutation: You can breathe flames. [Jiyva's grace]
 69919 | Zot:5    | Noticed an orb of fire
 69933 | Zot:5    | Gained mutation: You expend magic power (3 MP) to strengthen your wands. [an orb of fire]
 69934 | Zot:5    | Noticed an orb of fire
 69937 | Zot:5    | Gained mutation: You are clumsy. (Dex -2) [an orb of fire]
 69953 | Zot:4    | Lost mutation: You expend magic power (3 MP) to strengthen your wands. [Jiyva's grace]
 70179 | Zot:4    | Reached skill level 10 in Throwing
 70237 | Zot:5    | Noticed an ancient lich
 70249 | Zot:5    | Killed an ancient lich
 70298 | Zot:5    | Gained mutation: You heal slowly when monsters are visible. [an orb of fire]
 70313 | Zot:5    | Killed an orb of fire
 70319 | Zot:5    | Gained mutation: Armour fits poorly on your strangely shaped body. [an orb of fire]
 70337 | Zot:5    | Killed an orb of fire
 70337 | Zot:5    | Reached skill level 24 in Unarmed Combat
 70546 | Zot:5    | Noticed an ancient lich
 70658 | Zot:5    | Slimified an ancient lich
 70658 | Zot:5    | an ancient lich changed into a death ooze
 71283 | Zot:5    | Noticed an ancient lich
 71332 | Zot:5    | Starved to death

Inventory:

Hand weapons
 b - the +6 blowgun of Fee Simple {speed, rF+ Str+4}
   (You found it on level 2 of the Depths)

   Attacks with this weapon are significantly faster.
   It affects your strength (+4).
   It protects you from fire.
Missiles
 m - 7 curare-tipped needles
 u - 4 needles of paralysis
 A - 146 poisoned needles
Armour
 g - a quicksilver dragon armour (worn)
 K - a +1 pair of boots (worn)
 M - the +2 cloak of the Thief (worn) {+Fog Slay-2 SInv Stlth+}
   (You found it on level 13 of the Dungeon)

   It affects your accuracy and damage with ranged weapons and melee attacks
   (-2).
   It lets you see invisible.
   It can be evoked to emit clouds of fog.
   It makes you more stealthy.
 N - a +2 hat (worn)
 W - a +1 pair of gloves (worn)
Jewellery
 c - an uncursed ring of protection from cold
 e - the ring of Pyromania (right hand) {Ice rElec}
   (You found it on level 6 of the Pits of Slime)

   [ring of ice]

   It enhances your ice magic, and weakens your fire magic.
   It makes you vulnerable to fire.
   It protects you from cold.
   It insulates you from electricity.
 f - an uncursed ring of protection from fire
 h - an uncursed ring of positive energy
 k - an uncursed ring of protection from magic
 p - the ring "Heven" {Fire rElec rPois Str+4}
   (You bought it in a shop on level 3 of the Vaults)

   [ring of fire]

   It enhances your fire magic, and weakens your ice magic.
   It affects your strength (+4).
   It protects you from fire.
   It makes you vulnerable to cold.
   It insulates you from electricity.
   It protects you from poison.
 s - an uncursed ring of flight
 t - an uncursed ring of teleportation
 C - the ring of Nudiurch (left hand) {rF+ Dex+4}
   (You bought it in a shop on level 3 of the Vaults)

   [ring of protection from fire]

   It affects your dexterity (+4).
   It protects you from fire.
 H - an uncursed amulet of clarity
 U - an uncursed ring of sustain attributes
 X - an amulet of regeneration (around neck)
Magical devices
 r - a wand of digging (9)
 D - a wand of digging (5)
 O - a wand of disintegration (7)
 Z - a wand of teleportation (1)
Scrolls
 B - a scroll of magic mapping
 E - 3 scrolls of recharging
 F - 2 scrolls of fog
 I - 14 scrolls of remove curse
 J - 3 scrolls of silence
 Q - 6 scrolls of fear
 S - 3 scrolls of identify
 Y - 7 scrolls of teleportation
Potions
 d - 2 potions of cure mutation
 i - 2 potions of berserk rage
 o - 3 potions of might
 q - 12 potions of curing
 v - 2 potions of flight
 w - 4 potions of heal wounds
 x - 3 potions of haste
 P - 3 potions of cancellation
Books
 n - a book of Burglary

   Spells                             Type                      Level
   a - Swiftness                      Charms/Air                   2
   b - Passwall                       Transmutation/Earth          3
   c - Passage of Golubria            Translocation                4
   d - Lee's Rapid Deconstruction     Earth                        5
   e - Darkness                       Hexes                        6
   f - Invisibility                   Hexes                        6
 y - a book of the Warp

   Spells                             Type                      Level
   a - Recall                         Summoning/Translocation      3
   b - Gell's Gravitas                Hexes/Translocation          3
   c - Force Lance                    Conjuration/Translocation    4
   d - Phase Shift                    Translocation                5
   e - Warp Weapon                    Charms/Translocation         5
   f - Summon Forest                  Summoning/Translocation      5
 L - a book of Spatial Translocations

   Spells                             Type                      Level
   a - Apportation                    Translocation                1
   b - Blink                          Translocation                2
   c - Shroud of Golubria             Charms/Translocation         2
   d - Portal Projectile              Translocation                3
   e - Teleport Other                 Translocation                3
   f - Passage of Golubria            Translocation                4
 R - a book of Death

   Spells                             Type                      Level
   a - Corpse Rot                     Necromancy                   2
   b - Sublimation of Blood           Necromancy                   2
   c - Agony                          Necromancy                   5
   d - Dispel Undead                  Necromancy                   5
   e - Excruciating Wounds            Charms/Necromancy            5
   f - Bolt of Draining               Conjuration/Necromancy       5
 V - a book of Geomancy

   Spells                             Type                      Level
   a - Sandblast                      Earth                        1
   b - Stoneskin                      Transmutation/Earth          2
   c - Passwall                       Transmutation/Earth          3
   d - Stone Arrow                    Conjuration/Earth            3
   e - Petrify                        Transmutation/Earth          4
   f - Lee's Rapid Deconstruction     Earth                        5
Comestibles
 a - 17 meat rations
 z - 9 bread rations
 G - 44 fruits


   Skills:
 - Level 19.0 Fighting
 + Level 11.5 Throwing
 - Level 18.8 Armour
 - Level 19.4 Dodging
 - Level 1.5 Stealth
 + Level 24.2 Unarmed Combat
 - Level 4.0 Spellcasting
 - Level 4.0 Summonings
 - Level 11.0 Translocations
 - Level 10.0 Evocations


You had 14 spell levels left.
You knew the following spells:

 Your Spells              Type           Power        Failure   Level  Hunger
a - Apportation           Tloc           #####.....   1%          1    None
b - Blink                 Tloc           N/A          1%          2    ##.....
c - Passage of Golubria   Tloc           N/A          3%          4    ####...
d - Portal Projectile     Tloc           #####.       1%          3    ###....
e - Phase Shift           Tloc           #####.....   10%         5    ######.
f - Summon Butterflies    Summ           ###.....     6%          1    None


Dungeon Overview and Level Annotations

Branches:
Dungeon (15/15)            Temple (1/1) D:5            Lair (8/8) D:10
 Shoals (4/4) Lair:4        Snake (4/4) Lair:4        Slime (6/6) Lair:6
    Orc (4/4) D:10            Elf (0/3) Orc:3        Vaults (4/5) D:14
  Crypt (0/3) Vaults:2     Depths (5/5) D:15            Zot (5/5) Depths:5

Altars:
Ashenzari
Cheibriados
Dithmenos
Elyvilon
Fedhas
Gozag
Kikubaaqudgha
Makhleb
Nemelex Xobeh
Okawaru
Qazlal
Ru
Sif Muna
Trog
Vehumet
Xom
Yredelemnul
Zin
The Shining One
Beogh
Jiyva

Shops:
D:12 *   Orc:2 ?   Orc:4 %(}[   Vaults:2 [   Vaults:3 =   Vaults:4 [
Depths:1 *   Depths:4 [

Portals:
Hell: Depths:1 Depths:2 Depths:3 Depths:4 Depths:5
Abyss: Depths:2 Depths:4
Pandemonium: Depths:1 Depths:3
Ziggurat: Depths:3

Annotations:
Shoals:1 exclusion: 7 oklob plants
Shoals:4 exclusion: 4 oklob plants
Slime:6 Dissolution; Royal Jelly
Orc:4 exclusion: 2 oklob plants


Innate Abilities, Weirdness & Mutations

You reflexively headbutt those who attack you in melee.
You have a pair of horns on your head.
You have a beak for a mouth.
You have large cloven feet.
You are partially covered in rugged brown scales (AC +1, +3% HP).
You are partially covered in thin metallic scales (AC +2).
You have supernaturally acute eyesight.
You possess an exceptional clarity of mind.
You are clumsy. (Dex -2)
Armour fits poorly on your strangely shaped body.
Your flesh is heat resistant.
You are somewhat resistant to both further mutation and mutation removal.
You heal slowly when monsters are visible.
Your body is mostly covered in golden eyeballs (Acc +5).
Your skin is partially translucent (Stealth, -foe acc).
You have a small jelly attached to you that senses nearby items.

Vault maps used:
D:1:      minmay_arrival_stair_chambers
D:2:      ecumenical_altar_2, nemelex_dance_club_becter, uniq_crazy_yiuf_cottage
D:3:      led_sif_book
D:4:      zin_angel, kennysheep_mini, minitemple, first_bread,
          uniq_blork_the_orc
D:5:      minmay_temple_entry_overgrown, gup_sewer_entry_bowl, hex_medium,
          uniq_sigmund
D:6:      st_stairs_4
D:8:      wad_arrow_thing, xom_redecorated, grunt_temple_overflow_open,
          hangedman_ranch, kennysheep_flooded_box
D:9:      special_room
D:10:     kennysheep_steamy, david_lair_generic, orc_0_dummy
D:11:     minmay_misc_feat_tiny, nemelex_deck
D:12:     serial_shops, nicolae_shop_waterfront, uniq_maurice
D:13:     basic_altar, serial_bayou, serial_bayou_crossing, serial_bayou_pond_d,
          serial_bayou_shore_b, serial_bayou_ford_a
D:14:     hangedman_vaults_entry_quadrant_bands,
          hangedman_abyss_or_decor_stagger
D:15:     hangedman_depths_entry_try_elsewhere_first, minmay_misc_feat_square,
          uniq_kirke, uniq_urug
Temple:   triangle_lava_temple_11
Lair:1:   lab_entry_generic, special_room, grunt_forest_large_clearings
Lair:2:   minmay_holes
Lair:3:   grunt_megastairs_1
Lair:4:   minmay_shoals_entry_hut, minmay_snake_entry_guardpost_medium,
          infiniplex_staircase_pool
Lair:6:   dpeg_slime_entry_enclosed_altar, st_stairs_13, serial_bayou_lake_a,
          lemuel_fruit_fields, uniq_rupert
Lair:8:   hangedman_lair_caniforms_friends, wormcave, basic_altar,
          grunt_megastairs_4
Shoals:2: uniq_polyphemus
Shoals:3: uniq_nikola
Shoals:4: nicolae_shoals_island_circles, shoals_end_simple, shoal_ilsuiw
Snake:1:  minmay_snake_river, special_room, nicolae_snake_springs
Snake:2:  hangedman_feature_mirror, uniq_norris
Snake:3:  serial_bayou_shore_b, grunt_megastairs_2, uniq_aizul, uniq_jorgrun
Snake:4:  grunt_snake_rune_spirals, spider_trap, uniq_saint_roka
Slime:1:  cheibrodos_slime_lost_civilization_5
Slime:4:  nicolae_slime_round_cave
Slime:6:  uniq_dissolution
Orc:1:    mines2_david
Orc:2:    serial_shops, nicolae_shop_crystal
Orc:3:    nicolae_orc_pool_cavern
Orc:4:    st_orc_elflike, nicolae_orc_rockfall, nooodl_orcs_dogs
Vaults:1: vaults_dpeg_hooks, ontoclasm_vaults_shuriken, vaults_room_fours,
          vaults_mumra_lcd, v_pattern_5, ontoclasm_vaults_loading_screen,
          v_misc_33, v_misc_5, hangedman_vaults_capsules, vaults_mumra_hexcomb,
          ontoclasm_vaults_twist, vaults_dpeg_encased_lava,
          ontoclasm_vaults_misaligned, v_misc_22
Vaults:2: v_misc_18, vaults_room_grid, vaults_dpeg_diagonal,
          ontoclasm_vaults_eye, minmay_crypt_entry_simple_sparse,
          nicolae_vaults_little_squares_3, v_alt_pattern_6,
          grunt_vaults_trifunnel, vaults_room_stairs_pillars,
          dpeg_vaults_monster_box, nicolae_vaults_ring_of_whatevers, v_misc_22,
          v_misc_5, uniq_asterion
Vaults:3: grunt_vaults_hallway_long, vaults_dpeg_ring, st_cross,
          ontoclasm_vaults_bender, v_misc_4, nicolae_vaults_what_the_h,
          nicolae_vaults_little_squares_1, hangedman_vaults_maws,
          nicolae_vaults_three_branches, hangedman_vaults_cutoff,
          nicolae_vaults_border_crossing, serial_shops,
          nicolae_shop_temple_entry_statues_fountains
Vaults:4: hangedman_vaults_slither, nicolae_vaults_murderbox,
          hangedman_vaults_snaps, v_misc_29, v_alt_pattern_2,
          dpeg_vaults_monster_row, vaults_room_fours, vaults_room_pool,
          nicolae_vaults_little_ls, vaults_mumra_chevron_long, serial_shops,
          shop
Depths:1: serial_shops, shop, rand_demon_pan_entry_8, basic_altar, hell_entry,
          serial_sigils_hangedman_stare, nooodl_food_tri
Depths:2: minmay_nine_rooms, infiniplex_staircase_river, hell_entry,
          hangedman_abyss_entry_splay
Depths:3: grunt_twist_and_shout, enter_ziggurat_a, grunt_pan_entry_sceptre,
          hell_entry, uniq_xtahua
Depths:4: kennysheep_big_flooded_room, lightli_too_deep, serial_shops,
          nicolae_shop_stone, abyss_entry, hangedman_decor_points,
          minmay_staircase_bubble
Depths:5: grunt_zot_entry_tricorne, minmay_misc_feat_roman, hell_entry,
          grunt_megastairs_3
Zot:2:    zot_minivault_4
Zot:5:    st_stairs_1
Sewer:    kennysheep_pipe_town


Message History

Your peck misses the death cob. The death cob closely misses you.
You furiously retaliate!
You headbutt the death cob, but do no damage.
You barely miss the death cob. The death cob completely misses you.
You furiously retaliate!
You headbutt the death cob, but do no damage.
The death cob misses you.
You hit the death cob but do no damage.
You headbutt the death cob, but do no damage.
The death cob hits you!
You feel a lot more hungry.
You hit the death cob but do no damage. The death cob completely misses you.
You furiously retaliate!
You headbutt the death cob. You hit the death cob but do no damage.
The death cob is lightly damaged.
The death cob hits you.
You feel a lot more hungry. The death cob hits you.
You are feeling hungry.
You punch the death cob! Your headbutt misses the death cob.
The death cob is lightly damaged.
The death cob closely misses you.
You hit the death cob. Your peck misses the death cob.
The death cob is moderately damaged.
The death cob misses you. You furiously retaliate!
You headbutt the death cob. You punch the death cob!
Your peck misses the death cob.
The death cob is moderately damaged.
The death cob completely misses you. You furiously retaliate!
You headbutt the death cob, but do no damage.
The death cob hits you.
You are feeling very hungry.
You pummel the death cob!!
You headbutt the death cob, but do no damage.
The death cob is severely damaged.
The death cob completely misses you.
You punch the death cob! You punch the death cob.
The death cob is almost destroyed.
The death cob barely misses you.
Your quicksilver dragon armour prevents you from hitting the death cob.
You peck the death cob, but do no damage.
Your punch misses the death cob.
The death cob is almost destroyed.
The death cob closely misses you. x2
You furiously retaliate!
You headbutt the death cob, but do no damage.
You hit the death cob. You punch the death cob.
The death cob is almost destroyed.
The death cob hits you!!
You are near starving!
The moth of wrath disappears!
You completely miss the death cob.
The death cob is almost destroyed.
The death cob hits you.
You are starving!
The white draconian zealot mumbles some strange prayers to its god.
The death cob completely misses you. The death cob barely misses you.
The red devil hops backward while attacking.
The red devil hits you from afar with a trident.
The death cob closely misses you. The death cob hits you.
You feel somewhat more hungry. The death cob barely misses you.
You furiously retaliate!
You headbutt the death cob. The death cob closely misses you.
The death cob completely misses you. The death cob hits you.
You feel somewhat more hungry.
The eyeballs on your body gaze at the death cob.
The death cob laughs at nothing.
The white draconian zealot invokes the aid of its god against you.
The hellfire explodes!
The burst of hellfire engulfs you!
The death cob grins madly.
The death cob hits the white draconian zealot!
The death cob seems less confused.
The red devil closely misses you. The death cob completely misses you.
You furiously retaliate!
You headbutt the death cob! The death cob misses you. The death cob hits you!
You feel somewhat more hungry.
The white draconian zealot invokes the aid of its god against you.
Something smites you! The death cob completely misses you.
You furiously retaliate!
You headbutt the death cob, but do no damage.
The death cob closely misses you. You furiously retaliate!
You headbutt the death cob. The death cob hits you!
You feel slightly more hungry. The death cob hits you.
You feel slightly more hungry.
You lose consciousness!
The death cob hits you.
You feel slightly more hungry. The death cob hits you.
You feel slightly more hungry.
The red devil hits you but does no damage.
The death cob hits you.
You feel slightly more hungry. The death cob hits you.
You feel slightly more hungry. The death cob hits you.
You feel slightly more hungry.
The red devil hits you but does no damage.
The death cob hits you!
You feel slightly more hungry. The death cob hits you.
You feel slightly more hungry.
The red devil hits you from afar with a trident.
The death cob hits you.
You feel slightly more hungry. The death cob hits you.
You feel slightly more hungry. The death cob hits you!!
You feel slightly more hungry.
The eyeballs on your body gaze at the death cob.
The red devil hits you but does no damage.
The death cob shouts, "What's happening?!"
The death cob hits you!
You have starved to death.
You die...

#...###.....#.......###.###......
##########..'.......#.#'#.#.8....
#......#.......'............
#.8.##.##.....##J###......#.
#....#..##...##......<###...
##...#...#'###...#.##.#.####
#....<.#.#.....#.#..#...##.#
#...##.#.....###..8...###...
###....#...#%@#####...#.#,#...
#......#.#.#.#.#.###..#...##..
*.#*#....###4##.## #..#....###
****** ########4########▓▓▓▓##**#
,,** #$......q.......# ##....
,,,** ##.............## ##.....
,,,,** #.............# ##......
,,,,,* ##...........## #.......
,,,,,* #...^.......# #.......


You could see a death cob (confused), a white draconian zealot, a hellwing, a
red devil and a neutral death ooze (fellow slime).

Vanquished Creatures
  An ancient lich (Zot:5)
  2 orbs of fire (Zot:5)
  A caustic shrike (Depths:2)
  Saint Roka (Snake:4)
  Nikola (Shoals:2)
  6 golden dragons
  A bone dragon (Depths:5)
  A lich (Depths:2)
  4 electric golems
  Rupert (Lair:6)
  10 tentacled monstrosities
  10 Orb Guardians (Zot:5)
  Asterion (Vaults:2)
  The ghost of braks the Devastator, a mighty HECj of Vehumet (Snake:2)
  A titan (Depths:2)
  A sphinx (shapeshifter) (Depths:5)
  4 death cobs
  A sphinx (Vaults:3)
  An ancient champion (Vaults:2)
  An octopode crusher (Depths:4)
  Kirke (D:15)
  2 shadow dragons
  3 storm dragons
  4 tengu reavers
  7 fire giants
  14 greater nagas (Snake:4)
  8 frost giants
  2 deep elf sorcerers
  A draconian knight (Zot:3)
  A ghost moth (Zot:4)
  3 draconian scorchers
  A balrug (Depths:4)
  13 vault wardens
  15 ironheart preservers
  2 draconian annihilators
  12 very ugly things
  17 stone giants
  3 green draconians
  A draconian caller (Zot:3)
  4 vampire knights
  4 black draconians
  5 mottled draconians
  3 red draconians
  A salamander stormcaller (Vaults:4)
  2 purple draconians
  2 white draconians
  3 yellow draconians
  An eidolon (Vaults:2)
  12 ettins
  13 fire dragons
  4 merfolk javelineers
  8 yaktaur captains
  A deep elf death mage (Vaults:1)
  7 merfolk impalers
  3 jiangshi (Depths:4)
  7 vault guards
  13 ogre magi
  10 ice dragons
  7 hydras
  22 naga warriors
  5 entropy weavers
  3 rakshasas
  3 merfolk aquamancers
  2 spriggan air magi (Depths:4)
  A merfolk avatar (Shoals:1)
  13 anacondas
  4 tengu warriors
  2 satyrs
  11 centaur warriors
  6 deep troll shamans
  5 death yaks
  5 deep troll earth magi
  3 orc high priests (Orc:4)
  9 spriggan berserkers
  14 naga sharpshooters
  Urug (D:15)
  14 hell knights
  3 shock serpents
  A vampire mage (Depths:4)
  2 deep elf knights
  3 iron trolls (Depths:4)
  A storm dragon zombie (Vaults:2)
  A soul eater (Depths:1)
  The ghost of braks the Geomancer, an experienced GrEE of Cheibriados (D:7)
  A fire crab (Vaults:4)
  3 salamander mystics
  A skeletal warrior (D:14)
  27 deep trolls
  18 sea snakes
  A death drake (shapeshifter) (Depths:4)
  2 flayed ghosts
  A shadow demon (Depths:1)
  7 naga ritualists
  2 shadow wraiths
  A lindwurm (shapeshifter) (Depths:2)
  13 ironbrand convokers
  2 unseen horrors
  15 orc knights
  5 hill giants
  A gelid demonspawn (Depths:1)
  An orb spider (shapeshifter) (Vaults:4)
  8 mana vipers
  6 phantasmal warriors
  12 harpies
  A lindwurm (Lair:8)
  61 ugly things
  3 wizards
  A deep elf conjurer (Vaults:2)
  13 salamanders
  7 cyclopes
  4 necromancers
  5 orc sorcerers
  A frost giant zombie (Vaults:2)
  An unseen horror (shapeshifter) (Vaults:1)
  5 wolf spiders
  11 fauns
  18 naga magi
  15 griffons
  16 elephants
  A manticore (shapeshifter) (Depths:1)
  17 moths of wrath
  A moth of wrath (shapeshifter) (Vaults:4)
  5 guardian serpents
  Maurice (D:12)
  A salamander (shapeshifter) (Vaults:3)
  12 sirens
  10 vault sentinels
  3 water nymphs
  9 manticores
  4 torpor snails (Lair:8)
  30 black mambas
  4 centaur zombies
  9 spiny frogs
  9 centaur skeletons
  3 kobold demonologists
  A komodo dragon (shapeshifter) (Vaults:2)
  An efreet (D:15)
  44 yaktaurs
  3 fire drakes
  11 komodo dragons
  5 freezing wraiths
  6 trolls
  A two-headed ogre (shapeshifter) (Vaults:2)
  5 wind drakes
  13 merfolk
  10 polar bears
  5 snapping turtles
  3 giant leeches (Lair:8)
  19 two-headed ogres
  A boulder beetle (shapeshifter) (Vaults:1)
  A slime creature (shapeshifter) (Depths:4)
  A human simulacrum (Vaults:1)
  A trapdoor spider zombie (D:11)
  15 blink frogs
  A spriggan (Depths:3)
  5 redbacks
  A trapdoor spider (D:14)
  A stone giant simulacrum (Vaults:2)
  14 water elementals
  4 wyverns
  A raiju (Lair:8)
  4 boulder beetles
  An ettin skeleton (Vaults:2)
  A ynoxinul (Depths:1)
  Sigmund (D:5)
  A centaur simulacrum (D:15)
  A shadow (D:14)
  34 yaks
  3 basilisks
  A deep elf mage (Vaults:1)
  A spriggan (shapeshifter) (Vaults:3)
  2 wraiths
  A chaos spawn (Depths:1)
  A yaktaur simulacrum (Vaults:2)
  2 hogs (D:15)
  6 hungry ghosts
  7 deep elf fighters
  21 wolves
  71 nagas
  A yak (shapeshifter) (D:13)
  A soldier ant (D:14)
  14 hippogriffs
  2 steam dragons
  12 vampire mosquitoes
  18 water moccasins
  3 mottled dragons
  13 wargs
  The ghost of abixa the Ruffian, an average GrFi (D:3)
  4 hell hounds (Lair:8)
  37 orc warriors
  7 ice beasts
  12 porcupines
  13 black bears
  A phantom (D:10)
  3 wasps
  5 sky beasts
  17 crocodiles
  An elf skeleton (Vaults:2)
  8 big kobolds
  4 brain worms
  20 centaurs
  20 giant frogs
  52 ogres
  Blork the orc (D:4)
  A human skeleton (Vaults:2)
  A wyvern zombie (D:9)
  A giant frog (shapeshifter) (Vaults:1)
  A scorpion (D:5)
  30 killer bees
  6 electric eels
  A quasit (D:9)
  10 wights
  16 hounds
  2 jellies
  7 crimson imps
  3 giant frog zombies
  21 orc priests
  4 giant frog skeletons
  Crazy Yiuf (D:2)
  19 worker ants
  6 iguanas
  37 orc wizards
  A killer bee zombie (D:10)
  9 sheep
  3 hound skeletons
  2 worker ant zombies
  7 gnolls
  66 river rats
  18 adders
  3 shadow imps
  7 oozes
  9 wandering mushrooms
  13 worms
  8 giant geckos
  201 orcs
  13 bats
  12 giant cockroaches
  9 goblins
  4 hobgoblins
  3 quokkas
  9 ball pythons
  A ball python skeleton (D:4)
  2 giant gecko skeletons (D:6)
  2 giant newts
  30 jackals
  2 jackal skeletons
  32 kobolds
  14 rats
  3 ballistomycetes (D:14)
  A fungus (D:10)
  A giant spore (D:14)
  A plant (Shoals:4)
2068 creatures vanquished.

Vanquished Creatures (collateral kills)
  A hydra (Lair:7)
  A sea snake (Shoals:1)
  A lindwurm (Lair:8)
  An orc sorcerer (Orc:2)
  5 elephants
  2 black mambas
  A torpor snail (Lair:8)
  2 spiny frogs
  A troll (D:9)
  A merfolk (Shoals:1)
  A queen bee (Lair:1)
  2 blink frogs
  A spriggan (Lair:1)
  11 yaks
  A wolf (Lair:5)
  2 wyverns (D:9)
  A steam dragon (D:10)
  A hippogriff (Lair:2)
  A water moccasin (Lair:1)
  4 orc warriors
  An ice beast (D:9)
  2 nagas (Lair:4)
  3 ogres
  3 wasps
  A crocodile (D:10)
  A giant frog (Lair:6)
  3 brain worms (Lair:8)
  A scorpion (D:10)
  A wyvern skeleton (D:9)
  6 killer bees (Lair:1)
  2 wights (D:11)
  A wandering mushroom (Orc:4)
  3 sheep
  A gnoll (D:7)
  4 river rats
  5 worms (Lair:8)
  26 orcs
  A butterfly (Lair:6)
106 creatures vanquished.

Vanquished Creatures (others)
  An azure jelly (Depths:3)
  Jorgrun (Snake:3)
  An acid blob (Snake:4)
  A titan (Depths:3)
  A storm dragon (Zot:3)
  2 greater nagas (Snake:4)
  A fire giant (Depths:4)
  A very ugly thing (Depths:3)
  A death ooze (Slime:4)
  A giant orange brain (Depths:2)
  A yaktaur captain (Vaults:1)
  6 great orbs of eyes
  A naga warrior (Snake:4)
  2 anacondas
  2 naga sharpshooters (Snake:4)
  2 naga ritualists (Snake:4)
  3 ugly things
  4 shining eyes
  An orc sorcerer (D:15)
  2 oklob plants
  2 naga magi (Snake:4)
  2 black mambas
  A guardian serpent (Snake:4)
  3 yaktaurs
  A fire drake (shapeshifter) (Vaults:2)
  2 tengu conjurers
  2 merfolk (Shoals:2)
  A raiju (shapeshifter) (D:15)
  A two-headed ogre (Vaults:3)
  42 slime creatures
  A basilisk (D:15)
  A deep elf fighter (Vaults:1)
  A human (D:15)
  5 vampire mosquitoes
  A naga (Snake:4)
  38 wandering mushrooms
  A mottled dragon (D:15)
  An orc warrior (Vaults:1)
  A water moccasin (Snake:1)
  An eye of draining (Slime:1)
  3 centaurs
  3 ogres
  A crocodile (D:14)
  A giant frog (D:13)
  A crimson imp (D:10)
  A centaur skeleton (D:10)
  465 jellies
  A quasit (Depths:3)
  2 adders (Snake:1)
  A shadow imp (D:15)
  A giant gecko (D:3)
  An orc (Vaults:4)
  A ball python (Snake:1)
  A giant cockroach (D:3)
  A hobgoblin (D:3)
  A kobold (D:3)
  A quokka (D:3)
  A giant newt (D:3)
  2 bushes
  49 fungi
  A giant spore (D:14)
  34 plants
  815 toadstools
1531 creatures vanquished.

Grand Total: 3705 creatures vanquished

Action                   |  1- 3 |  4- 6 |  7- 9 | 10-12 | 13-15 | 16-18 | 19-21 | 22-24 || total
-------------------------+-------+-------+-------+-------+-------+-------+-------+-------++-------
Melee: Unarmed           |    75 |   195 |   294 |   847 |  2315 |  2405 |  2354 |  1095 ||  9580
 Fire: Blowgun           |       |     6 |       |       |    15 |       |     1 |    19 ||    41
Throw: Stone             |       |     4 |       |       |       |       |       |       ||     4
       Tomahawk          |       |     1 |    12 |     3 |     5 |       |       |       ||    21
       Javelin           |       |       |     3 |    26 |    36 |     9 |    49 |    67 ||   190
       Throwing net      |       |       |       |       |       |       |       |     1 ||     1
 Cast: Blink             |       |       |       |       |       |     4 |       |       ||     4
       Apportation       |       |       |       |       |       |     1 |       |       ||     1
Invok: Evolution         |       |       |     2 |    20 |    21 |       |       |       ||    43
       Slimify           |       |       |       |       |     1 |     9 |     3 |     2 ||    15
 Abil: Evoke Flight      |       |       |       |       |       |     6 |       |       ||     6
       Evoke Fog         |       |       |       |       |       |       |       |     3 ||     3
Evoke: Wand              |       |       |     1 |    14 |    17 |    22 |       |     7 ||    61
  Use: Scroll            |       |    11 |     8 |    10 |    18 |     7 |     4 |     7 ||    65
       Potion            |       |     2 |     1 |     5 |     6 |     8 |     6 |     1 ||    29
 Stab: Confused          |       |       |       |     8 |    11 |     1 |     7 |    28 ||    55
       Sleeping          |       |       |       |     1 |    10 |     3 |     6 |     3 ||    23
       Invisible         |       |       |       |       |    20 |     7 |       |       ||    27
       Distracted        |       |       |       |       |     8 |     3 |     3 |     1 ||    15
  Eat: Chunk             |     2 |     7 |     6 |    11 |    10 |       |       |       ||    36
       Beef jerky        |       |     1 |     1 |     2 |     3 |       |       |       ||     7
       Fruit             |       |       |     4 |       |       |       |       |       ||     4
       Bread ration      |       |       |     2 |       |       |       |       |       ||     2
       Pizza             |       |       |       |     7 |     1 |       |     1 |     1 ||    10
       Royal jelly       |       |       |       |     3 |    15 |       |       |       ||    18
       Meat ration       |       |       |       |       |       |       |       |     1 ||     1

Action                   |  1- 3 |  4- 6 |  7- 9 | 10-12 | 13-15 | 16-18 | 19-21 | 22-24 || total
-------------------------+-------+-------+-------+-------+-------+-------+-------+-------++-------
Melee: Unarmed           |    75 |   195 |   294 |   847 |  2315 |  2405 |  2354 |  1095 ||  9580
 Fire: Blowgun           |       |     6 |       |       |    15 |       |     1 |    19 ||    41
Throw: Stone             |       |     4 |       |       |       |       |       |       ||     4
       Tomahawk          |       |     1 |    12 |     3 |     5 |       |       |       ||    21
       Javelin           |       |       |     3 |    26 |    36 |     9 |    49 |    67 ||   190
       Throwing net      |       |       |       |       |       |       |       |     1 ||     1
 Cast: Blink             |       |       |       |       |       |     4 |       |       ||     4
       Apportation       |       |       |       |       |       |     1 |       |       ||     1
Invok: Evolution         |       |       |     2 |    20 |    21 |       |       |       ||    43
       Slimify           |       |       |       |       |     1 |     9 |     3 |     2 ||    15
 Abil: Evoke Flight      |       |       |       |       |       |     6 |       |       ||     6
       Evoke Fog         |       |       |       |       |       |       |       |     3 ||     3
Evoke: Wand              |       |       |     1 |    14 |    17 |    22 |       |     7 ||    61
  Use: Scroll            |       |    11 |     8 |    10 |    18 |     7 |     4 |     7 ||    65
       Potion            |       |     2 |     1 |     5 |     6 |     8 |     6 |     1 ||    29
 Stab: Confused          |       |       |       |     8 |    11 |     1 |     7 |    28 ||    55
       Sleeping          |       |       |       |     1 |    10 |     3 |     6 |     3 ||    23
       Invisible         |       |       |       |       |    20 |     7 |       |       ||    27
       Distracted        |       |       |       |       |     8 |     3 |     3 |     1 ||    15
  Eat: Chunk             |     2 |     7 |     6 |    11 |    10 |       |       |       ||    36
       Beef jerky        |       |     1 |     1 |     2 |     3 |       |       |       ||     7
       Fruit             |       |       |     4 |       |       |       |       |       ||     4
       Bread ration      |       |       |     2 |       |       |       |       |       ||     2
       Pizza             |       |       |       |     7 |     1 |       |     1 |     1 ||    10
       Royal jelly       |       |       |       |     3 |    15 |       |       |       ||    18
       Meat ration       |       |       |       |       |       |       |       |     1 ||     1
